 Dungeon Crawl Stone Soup version 0.27-a0-705-ga0013940fb (webtiles) character file.

Game seed: 8803485422378366539

130 HoaS the Ruffian (level 4, 0/36 HPs)
             Began as a Demigod Gladiator on Mar 22, 2021.
             Slain by Blork the orc
             ... wielding a +0 dire flail
              (6 damage)
             ... on level 4 of the Dungeon.
             The game lasted 00:05:09 (4310 turns).

HoaS the Ruffian (Demigod Gladiator)                Turns: 4310, Time: 00:05:11

Health: 0/36       AC:  9    Str: 19    XL:     4   Next: 59%
Magic:  6/6        EV:  8    Int: 10    God:
Gold:   245        SH:  0    Dex: 15    Spells: 3/3 levels left

rFire    . . .     SeeInvis .     - Unarmed
rCold    + . .     Faith    .   (no shield)
rNeg     . . .     Spirit   .   m - +0 chain mail
rPois    .         Reflect  .   b - +0 helmet
rElec    .         Harm     .   (no cloak)
rCorr    .         Rampage  .   (no gloves)
Will     .....                  (no boots)
Stlth    ..........             (no amulet)
HPRegen  0.12/turn              d - ring of protection from cold
MPRegen  0.10/turn              (no ring)

@: no status effects
A: high mp 1, forlorn
a: no special abilities


You were on level 4 of the Dungeon.
You visited 1 branch of the dungeon, and saw 4 of its levels.

You collected 245 gold pieces.

Inventory:

Missiles
 e - 20 poisoned darts (quivered)
 j - 5 boomerangs
Armour
 b - a +0 helmet (worn)
 m - a +0 chain mail (worn)
Jewellery
 d - a ring of protection from cold (right hand)
 g - a ring of fire
Wands
 h - a wand of flame (16)
 l - a wand of random effects (25)
Scrolls
 k - a scroll of immolation {unknown}
Potions
 a - a potion of heal wounds {unknown}
 f - a potion of mutation
 i - a potion of haste {unknown}


   Skills:
 - Level 1.7 Fighting
 - Level 1.7 Throwing
 - Level 2.6 Dodging
 + Level 5.1 Unarmed Combat


You had 3 spell levels left.
You didn't know any spells.
Your spell library was empty.

Dungeon Overview and Level Annotations

Branches:
Dungeon (4/15)
 Temple: D:4-7

Shops:
D:2 *

Annotations:
D:3 1 runed translucent door
D:4 Blork the orc


Innate Abilities, Weirdness & Mutations

Your attributes grow dramatically as you level up.
You have an increased reservoir of magic. (+10% MP)
You shall have no god before yourself.


Message History

Blork the orc struggles against the net.
You hit Blork the orc but do no damage.
Blork the orc is lightly wounded.
Blork the orc casts a spell.
Blork the orc seems to speed up.
Blork the orc struggles against the net.
You hit Blork the orc but do no damage.
Blork the orc is lightly wounded.
Blork the orc struggles against the net.
You hit Blork the orc.
Blork the orc is moderately wounded.
Blork the orc struggles against the net.
The net rips apart, and Blork the orc comes free!
You hit Blork the orc but do no damage.
Blork the orc is moderately wounded.
Blork the orc barely misses you. Blork the orc closely misses you.
You throw a throwing net.
The throwing net closely misses Blork the orc.
Blork the orc closely misses you.
You throw a throwing net.
The throwing net closely misses Blork the orc.
Blork the orc points at you and mumbles some strange words.
The puff of frost hits you but does no damage.
Okay, then.
You closely miss Blork the orc.
Blork the orc is moderately wounded.
Blork the orc screams, "You are the ugliest creature I've ever seen!"
Blork the orc closely misses you. Blork the orc barely misses you.
Your chain mail prevents you from hitting Blork the orc.
Blork the orc is moderately wounded.
Blork the orc hits you with a +0 dire flail!
You barely miss Blork the orc.
Blork the orc is moderately wounded.
Blork the orc hits you with a +0 dire flail!
You closely miss Blork the orc.
Blork the orc is moderately wounded.
Blork the orc hits you with a +0 dire flail!
* * * LOW HITPOINT WARNING * * *
Blork the orc hits you with a +0 dire flail.
You die...

##.## #.## #.## ##.รท.
#######..[. #.......#..
#.####...(.
##############.#....##.#
(((.(.o@.........#####..
...##############.#########
#..# #.....................
#.. #..#
#..........########### #.#
#..# #...).....## # #.#
#..# #.........# # #.#
#..#####..#.#### # #.#
#........##..# # #.#
##...##..###.# #


You could see Blork the orc (fast).

Vanquished Creatures
  A hound skeleton (D:4)
  3 adders
  A worm (D:2)
  A dart slug (D:3)
  10 orcs
  4 giant cockroaches
  5 goblins
  7 hobgoblins
  6 jackals
  3 oozes
  5 quokkas
  4 ball pythons
  8 bats
  A frilled lizard (D:3)
  4 kobolds
  6 rats
69 creatures vanquished.

Vanquished Creatures (others)
  5 toadstools (D:3)
5 creatures vanquished.

Grand Total: 74 creatures vanquished

Notes
Turn   | Place    | Note
-------+----------+-------------------------------------------
     0 | D:1      | HoaS the Demigod Gladiator began the quest for the Orb.
     0 | D:1      | Reached XP level 1. HP: 17/17 MP: 3/3
   247 | D:1      | Reached skill level 3 in Unarmed Combat
   474 | D:1      | Reached XP level 2. HP: 6/24 MP: 4/4
  1479 | D:2      | Found Refad's General Store.
  1687 | D:2      | Reached XP level 3. HP: 29/29 MP: 5/5
  1851 | D:2      | Reached skill level 4 in Unarmed Combat
  2444 | D:3      | Found a runed translucent door.
  2444 | D:3      | Noticed an angel
  3423 | D:3      | Reached XP level 4. HP: 19/36 MP: 6/6
  4047 | D:4      | Reached skill level 5 in Unarmed Combat
  4293 | D:4      | Noticed Blork the orc
  4310 | D:4      | Slain by Blork the orc

Illustrated notes

Levels and vault maps discovered:
D:1:      minmay_arrival_hallway, layout_loops_ring, nrook_loot_triangle
D:2:      layout_basic, serial_shops, shop_fountains
D:3:      mumra_celtic_spiral_tile, layout_basic, minmay_gold_behind_fungi,
          nrook_uturn, minmay_misc_feat_chi, hex_medium, lemuel_angel_altar
D:4:      layout_rooms, gammafunk_temple_overflow_statue, uniq_blork_the_orc

Skill      XL: |  1  2  3  4 |
---------------+-------------+-----
Unarmed Combat | 3 4 5 |  5.1
Fighting       | |  1.7
Throwing       | |  1.7
Dodging        | |  2.6

Action                   |  1- 3 |  4- 6 || total
-------------------------+-------+-------++-------
Melee: Unarmed           |   221 |    50 ||   271
       Punch             |     3 |     2 ||     5
Throw: Dart              |       |     5 ||     5
       Throwing net      |       |     3 ||     3
  Use: Scroll            |     7 |       ||     7
 Stab: Sleeping          |     2 |       ||     2
Armor: Leather armour    |    62 |       ||    62
       Ring mail         |    19 |     9 ||    28
       Chain mail        |       |    11 ||    11
Dodge: Dodged            |   123 |    23 ||   146

Table legend: (Time is in decaauts)
 A = Elapsed time spent in this place.
 B = Non-inter-level travel time spent in this place.
 C = Inter-level travel time spent in this place.
 D = Time resting spent in this place.
 E = Time spent auto-exploring this place.
 F = Levels seen in this place.
 G = Mean time per level.
                   A        B        C        D        E       F      G
               +--------+--------+--------+--------+--------+-----+--------+
         Total |   4289 |   4194 |     95 |   1591 |   2021 |   4 | 1072.2 |
       Dungeon |   4289 |   4194 |     95 |   1591 |   2021 |   4 | 1072.2 |
               +--------+--------+--------+--------+--------+-----+--------+

Top non-repeatable levels by time:
     D:3: 1633 daAuts
     D:1: 1356 daAuts
     D:2: 1032 daAuts
     D:4: 267 daAuts
